 Dungeon Crawl Stone Soup version 0.24.0-125-gc4c63601f3 (webtiles) character file.

Game seed: 13536404441866796976, levelgen mode: deterministic

18 Descartes the Digger (level 2, 0/15 HPs)
             Began as a Gargoyle Earth Elementalist on Mar 2, 2020.
             Slain by Terence
             ... wielding a +0 mace
              (7 damage)
             ... on level 2 of the Dungeon.
             The game lasted 00:02:02 (989 turns).

Descartes the Digger (Gargoyle Earth Elementalist)   Turns: 989, Time: 00:02:03

Health: 0/15       AC:  5    Str: 11    XL:     2   Next: 66%
Magic:  4/5        EV: 12    Int: 15    God:
Gold:   88         SH:  0    Dex: 16    Spells: 4/5 levels left

rFire    . . .     SeeInvis .   i - +0 mace
rCold    + . .     Gourm    .   (no shield)
rNeg     + . .     Faith    .   g - +0 leather armour
rPois    ∞         Spirit   .   (no helmet)
rElec    +         Reflect  .   (no cloak)
rCorr    .         Harm     .   (no gloves)
MR       .....                  (no boots)
Stlth    ++........             (no amulet)
HPRegen  0.05/turn              f - ring of protection from cold
MPRegen  0.09/turn              m - +6 ring of dexterity

@: no status effects
A: negative energy resistance 1, electricity resistance, unbreathing,
petrification resistance, rot immunity, AC +2
a: no special abilities


You were on level 2 of the Dungeon.
You were not hungry.

You visited 1 branch of the dungeon, and saw 2 of its levels.

You collected 88 gold pieces.

Inventory:

Hand Weapons
 a - a +0 club
 i - a +0 mace (weapon)
Missiles
 b - 83 stones (quivered)
Armour
 c - a +0 robe
 g - a +0 leather armour (worn)
Jewellery
 f - a ring of protection from cold (left hand)
 m - a +6 ring of dexterity (right hand)
Scrolls
 h - a scroll of noise {unknown}
 j - a scroll of fear {unknown}
Potions
 e - a potion of magic {unknown}
 k - a potion of heal wounds {unknown}
Comestibles
 d - 2 rations
 l - a chunk of flesh


   Skills:
 + Level 0.6 Armour
 - Level 1.5 Dodging
 + Level 2.5 Stealth
 * Level 2.3 Spellcasting
   Level 0.7 Transmutations
 * Level 4.0 Earth Magic


You had 4 spell levels left.
You knew the following spells:

 Your Spells              Type           Power        Failure   Level  Hunger
a - Sandblast             Erth           ##....       5%          1    #......

Your spell library contained the following spells:

 Spells                   Type           Power        Failure   Level  Hunger
 Passwall                 Tmut/Erth      #.......     16%         2    ###....
 Stone Arrow              Conj/Erth      #.....       36%         3    ###....
 Petrify                  Tmut/Erth      #.......     71%         4    #####..
 Lee's Rapid Deconstruct  Erth           ##........   83%         5    ######.


Dungeon Overview and Level Annotations

Branches:
Dungeon (2/15)

Altars:

Annotations:
D:2 Terence


Innate Abilities, Weirdness & Mutations

You are resistant to torment.
Your stone body is resilient. (AC +2)
You are immune to poison.
You resist negative energy. (rN+)
You are resistant to electric shocks. (rElec)
You can survive without breathing.
You are immune to petrification.
You are immune to rotting.


Message History

There isn't anything to butcher here.
m - an ivory ring
f - a ring of protection from cold (left hand)
You feel agile.
m - a +6 ring of dexterity (right hand)
You open the door.
There is an open door here.
Terence the Incautious comes into view.
He is wielding a +0 mace.
Terence shouts!
You hit Terence but do no damage. Terence misses you.
You hit Terence but do no damage. Terence hits you with a +0 mace!
Casting: Sandblast (safe; 5% risk of failure)
Confirm with . or Enter, or press ? or * to list all spells.
Aiming: Sandblast (safe; 5% risk of failure)
Press: ? - help, Shift-Dir - straight line, f - Terence
Aim: Terence, wielding a +0 mace and wearing a +0 chain mail The blast of sand hits Terence but does no damage.
b - 83 stones Terence hits you with a +0 mace!
You die...

#.>..)....#.........##.
##.......##.###.###.###
##.....###.# #.....# #
##...## #.# ####..# #
##'#####.. ...# #
#.....### ##.## #
#..##.# #. # ##..# #.
#..@# #...@.......
##......#### ........#
####.....# #.....#
#.##### #.


You could see Terence.

Vanquished Creatures
  A dart slug (D:1)
  A giant cockroach (D:1)
  4 goblins (D:1)
  2 bats (D:1)
  A frilled lizard (D:1)
  5 kobolds
  2 rats
16 creatures vanquished.

Notes
Turn   | Place    | Note
-------+----------+-------------------------------------------
     0 | D:1      | Descartes the Gargoyle Earth Elementalist began the quest
                  | for the Orb.
     0 | D:1      | Reached XP level 1. HP: 10/10 MP: 3/3
   301 | D:1      | Reached XP level 2. HP: 15/15 MP: 5/5
   467 | D:1      | Reached skill level 4 in Earth Magic
   983 | D:2      | Noticed Terence
   989 | D:2      | Slain by Terence

Levels and vault maps discovered:
D:1:      minmay_arrival_shattered_statue, layout_basic, minivault_26
D:2:      layout_loops_corners, uniq_terence

Skill      XL: |  1  2 |
---------------+-------+-----
Earth Magic    | 4 |  4.0
Armour         | |  0.6
Dodging        | |  1.5
Stealth        | |  2.5
Spellcasting   | |  2.3
Transmutations | |  0.7

Action                   || total
-------------------------++-------
Melee: Club              ||     7
       Mace              ||    24
 Cast: Sandblast         ||     7
 Stab: Sleeping          ||     4
Armor: Robe              ||     3
       Leather armour    ||     6
Dodge: Dodged            ||    24
